 Dungeon Crawl Stone Soup version 0.30.1-3-gfc49f6343a (webtiles) character file.

Game seed: 2121822028360170197

66 monsoonserge the Ruffian (level 3, 0/36 HPs)
             Began as a Troll Fighter on Aug 9, 2023.
             Slain by an orc
             ... wielding a +0 flail
              (5 damage)
             ... on level 3 of the Dungeon.
             The game lasted 00:03:19 (1733 turns).

monsoonserge the Ruffian (Troll Fighter)            Turns: 1733, Time: 00:03:20

Health: 0/36       AC:  4    Str: 24    XL:     3   Next: 96%
Magic:  2/2        EV:  8    Int:  6    God:
Gold:   72         SH:  7    Dex:  9    Spells: 2/2 levels left

rFire   . .          .
                       - Unarmed
rCold   . . .        b - +0 kite shield
rNeg    . . .        a - +0 robe
rPois   .            (helmet restricted)
rElec   .            (no cloak)
rCorr   .            (gloves unavailable)
SInv    .            (boots unavailable)
Will    .....        (no amulet)
Stlth   +            (no ring)
HPRegen 1.06/turn    (no ring)
MPRegen 0.08/turn

%: no passive effects
@: no status effects
A: large, unfitting armour, claws 3, regeneration 1, shaggy fur 1, tough skin 1
a: no special abilities


You were on level 3 of the Dungeon.
You visited 1 branch of the dungeon, and saw 3 of its levels.

You collected 72 gold pieces.

Inventory:

Missiles
 d - 4 large rocks (quivered)
 f - 4 javelins
 h - 6 boomerangs
Armour
 a - a +0 robe (worn)
 b - a +0 kite shield (worn)
Wands
 o - a wand of mindburst (11)
Scrolls
 e - a scroll of blinking {unknown}
 i - 2 scrolls of identify {unknown}
 k - a scroll of amnesia {unknown}
Potions
 c - a potion of might
 g - a potion of degeneration {unknown}
 j - a potion of flight {unknown}
 l - a potion of magic {unknown}
 m - 2 potions of brilliance {unknown}
 n - a potion of curing {unknown}
 p - a potion of cancellation {unknown}
 q - a potion of attraction {unknown}


   Skills:
 + Level 2.8 Fighting
 - Level 2.4 Dodging
 + Level 3.2 Shields
 * Level 3.3 Unarmed Combat


You had 2 spell levels left.
You didn't know any spells.
Your spell library contained the following spells:

 Spells                   Type           Power      Damage    Failure   Level
 Apportation              Tloc           0%         N/A       71%         1
 Necrotise                Necr           0%         1d4       71%         1
 Summon Small Mammal      Summ           0%         N/A       71%         1
 Poisonous Vapours        Pois/Air       0%         N/A       85%         2
 Mephitic Cloud           Conj/Pois/Air  0%         N/A       97%         3
 Freezing Cloud           Conj/Ice/Air   0%         6-21      100%        5
 Conjure Ball Lightning   Conj/Air       0%         3x3d6     100%        6
 Discord                  Hex            0%         N/A       100%        8
 Disjunction              Tloc           0%         N/A       100%        8


Dungeon Overview and Level Annotations

Branches:
Dungeon (3/15)

Altars:

Shops:
D:1 (

Annotations:
D:3 Natasha


Innate Abilities, Weirdness & Mutations

You are too large for most types of armour.
You have claws for hands.
Your natural rate of healing is unusually fast.
You are covered in fur. (AC +1)
You have tough skin. (AC +1)


Message History

The orc shouts!
You hear a shout!
The orc barely misses you.
You barely miss the orc.
The orc hits you with a +2 hand axe of electrocution.
You are electrocuted!
You claw the orc!
You kill the orc!
The orc hits you with a +0 flail.
An orc priest comes into view. It is wielding a +0 flail.
You block the orc's attack.
Things that are here:
a +2 hand axe of electrocution; an orc corpse You barely miss the orc.
The orc hits you with a +0 dagger. The orc hits you with a +0 flail.
* * * LOW HITPOINT WARNING * * *
You claw the orc priest!
The orc priest is severely wounded.
The orc priest calls down the wrath of Beogh upon you.
Pain shoots through your body!
* * * LOW HITPOINT WARNING * * *
The orc closely misses you. You block the orc's attack.
You closely miss the orc priest.
The orc priest is severely wounded.
The orc priest barely misses you. You block the orc's attack. x2
You barely miss the orc priest.
The orc priest is severely wounded.
The orc priest barely misses you. The orc hits you with a +0 dagger.
* * * LOW HITPOINT WARNING * * *
The orc barely misses you.
You barely miss the orc priest.
The orc priest is severely wounded.
The orc barely misses you.
The orc priest invokes the aid of Beogh against you.
Pain shoots through your body!
* * * LOW HITPOINT WARNING * * *
The orc barely misses you.
You claw the orc priest!
You kill the orc priest!
You block the orc's attack. The orc hits you with a +0 flail.
You die...

... . #.# #.#
.###.##.##..# #.#
..##........# #.#
#.##.....)..####.#
#.##....##.....#.# #
.........#..##.#o##..#
...#............@)...#
.>..............o##..#
...#....................
..........#.##.#.##.# #
....#...#.#.##.#.# #
....#...#.#.##.#!.
....#.....#.##.....
.##.#.....#.........
=.........#.# .##


You could see 2 orcs.

Vanquished Creatures
  An orc priest (D:3)
  2 worms (D:2)
  A dart slug (D:1)
  2 orcs (D:3)
  2 ball pythons
  5 bats (D:1)
  4 endoplasms
  A giant cockroach (D:2)
  7 hobgoblins
  2 jackals (D:2)
  2 kobolds (D:1)
  2 quokkas (D:2)
  2 frilled lizards (D:2)
  10 goblins
  5 rats
48 creatures vanquished.

Notes
Turn   | Place    | Note
-------+----------+-------------------------------------------
     0 | D:1      | monsoonserge the Troll Fighter began the quest for the Orb.
     0 | D:1      | Reached XP level 1. HP: 22/22 MP: 0/0
   271 | D:1      | Reached XP level 2. HP: 29/29 MP: 1/1
   367 | D:1      | Found Fouroc's Weapon Shoppe.
  1240 | D:2      | Reached XP level 3. HP: 36/36 MP: 2/2
  1314 | D:2      | You fall into a shaft and drop 1 floor!
  1339 | D:3      | Noticed Natasha
  1733 | D:3      | Slain by an orc

Illustrated notes

Levels and vault maps discovered:
D:1:      lightli_arrival_lavapool, layout_basic, serial_shops, shop
D:2:      layout_basic
D:3:      layout_basic, grunt_ministairs_9, minmay_strange_pillars,
          uniq_natasha, uniq_grinder, uniq_robin

Skill      XL: |  1  2  3 |
---------------+----------+-----
Shields        | 3 |  3.2
Unarmed Combat | 3 |  3.3
Fighting       | |  2.8
Dodging        | |  2.4

Action                     || total
---------------------------++-------
  Melee: Unarmed           ||   112
 Armour: Robe              ||    26
  Dodge: Dodged            ||    33
  Block: Kite shield       ||    30
